 Dungeon Crawl Stone Soup version 0.31-a0-369-g8eba5f6939 (webtiles) character file.

Game seed: 2073056998647440376

14967 Flugkiller the Fighter (level 11, -4/90 HPs)
             Began as a Demonspawn Shapeshifter on July 28, 2023.
             Was a Follower of Uskayaw.
             Slain by a lindwurm (16 damage)
             ... on level 11 of the Dungeon.
             The game lasted 00:16:14 (11704 turns).

Flugkiller the Fighter (Demonspawn Shapeshifter)   Turns: 11704, Time: 00:16:14

Health: -4/90      AC:  5    Str: 17    XL:     11   Next: 95%
Magic:  14/17      EV: 17    Int: 10    God:    Uskayaw [*.....]
Gold:   307        SH:  5    Dex: 22    Spells: 10/10 levels left

rFire   . .          .
                       - Unarmed
rCold   + . .        (no shield)
rNeg    . . .        i - +0 steam dragon scales
rPois   .            (helmet currently unavailable)
rElec   .            (cloak currently unavailable)
rCorr   .            (gloves currently unavailable)
SInv    .            (boots currently unavailable)
Will    .....        e - amulet of reflection
Stlth   ++           p - ring of protection from cold
HPRegen 0.35/turn    k - +6 ring of dexterity
MPRegen 0.15/turn

%: reflection
@: beast-form
A: beast (slay +5), claws 2, repulsion field 1, demonic guardian 1, powered by
death 2
a: Begin Untransformation, Renounce Religion, Stomp


You were on level 11 of the Dungeon.
You worshipped Uskayaw.
Uskayaw was aware of your devotion.
You were a hulking beast.
You visited 2 branches of the dungeon, and saw 12 of its levels.

You collected 536 gold pieces.
You spent 229 gold pieces at shops.

Inventory:

Missiles
 v - 6 curare-tipped darts
 I - 2 throwing nets
Armour
 b - a +1 cloak of stealth
   (You found it on level 8 of the Dungeon)
 f - a +1 helmet
   (You found it on level 2 of the Dungeon)
 i - +0 steam dragon scales (worn)
   (You took it off Maggie on level 6 of the Dungeon)
 u - a +0 pair of boots
   (You found it on level 5 of the Dungeon)
Jewellery
 e - an amulet of reflection (around neck)
   (You found it on level 2 of the Dungeon)
 j - an amulet of guardian spirit
   (You found it on level 3 of the Dungeon)
 k - a +6 ring of dexterity (right claw)
   (You found it on level 5 of the Dungeon)
 l - a ring of magical power
   (You found it on level 3 of the Dungeon)
 o - an amulet of regeneration
   (You found it on level 3 of the Dungeon)
 p - a ring of protection from cold (left claw)
   (You found it on level 4 of the Dungeon)
 E - a ring of resist corrosion
   (You found it on level 5 of the Dungeon)
Talismans
 c - a beast talisman
Wands
 x - a wand of flame (4)
   (You found it on level 6 of the Dungeon)
 y - a wand of paralysis (3)
   (You found it on level 6 of the Dungeon)
 D - a wand of roots (4)
   (You found it on level 6 of the Dungeon)
Scrolls
 a - a scroll of revelation
 d - 2 scrolls of torment
 g - 2 scrolls of poison
 n - a scroll of fog {unknown}
 r - a scroll of identify
 s - a scroll of vulnerability
 t - 2 scrolls of teleportation
 z - 2 scrolls of blinking
 A - 3 scrolls of enchant armour
 C - 2 scrolls of fear
 F - a scroll of immolation
Potions
 h - a potion of might {unknown}
 m - a potion of mutation
 q - 3 potions of curing
 w - a potion of heal wounds
 G - a potion of enlightenment
 H - a potion of attraction {unknown}


   Skills:
 - Level 10.0 Fighting
 - Level 5.0 Dodging
 * Level 9.6 Unarmed Combat
 + Level 8.7 Invocations
 - Level 5.0 Evocations
 * Level 7.9 Shapeshifting


You had 10 spell levels left.
You didn't know any spells.
Your spell library contained the following spells:

 Spells                   Type           Power      Damage    Failure   Level
 Freeze                   Ice            0%         1d3       36%         1
 Sandblast                Erth           0%         2d4       36%         1
 Shock                    Conj/Air       0%         1d3       36%         1
 Blink                    Tloc           0%         N/A       50%         2
 Lesser Beckoning         Tloc           0%         N/A       50%         2
 Momentum Strike          Conj/Tloc      0%         3d8       50%         2
 Passwall                 Tmut/Erth      0%         N/A       50%         2
 Call Canine Familiar     Summ           0%         N/A       75%         3
 Dazzling Flash           Conj/Hex       0%         N/A       75%         3
 Frozen Ramparts          Ice            0%         1d1       75%         3
 Hailstorm                Conj/Ice       0%         3d3       75%         3
 Portal Projectile        Hex/Tloc       0%         N/A       75%         3
 Stone Arrow              Conj/Erth      0%         3d7       75%         3
 Swiftness                Air            0%         N/A       75%         3
 Tukima's Dance           Hex            0%         N/A       75%         3
 Volatile Blastmotes      Fire/Tloc      0%         2d10      75%         3
 Airstrike                Air            0%         2d(0-16)  98%         4
 Iskenderun's Mystic Bla  Conj/Tloc      0%         2d3       98%         4
 Leda's Liquefaction      Hex/Erth       0%         N/A       98%         4
 Manifold Assault         Tloc           0%         N/A       98%         4
 Dispersal                Tloc           0%         N/A       100%        6
 Starburst                Conj/Fire      0%         6d3       100%        6
 Disjunction              Tloc           0%         N/A       100%        8
 Maxwell's Capacitive Co  Air            0%         ∞         100%        8
 Chain Lightning          Conj/Air       0%         N/A       100%        9
 Fire Storm               Conj/Fire      0%         5d1       100%        9
 Shatter                  Erth           0%         3d5*      100%        9


Dungeon Overview and Level Annotations

Branches:
Dungeon (11/15) Zot: 26609  Temple (1/1) D:4 Zot: 5934
   Lair: D:8-11         Orc: D:9-12

Altars:
Ashenzari
Cheibriados
Dithmenos
Fedhas
Gozag
Hepliaklqana
Kikubaaqudgha
Makhleb
Nemelex Xobeh
Okawaru
Qazlal
Ru
Sif Muna
Trog
Uskayaw
Vehumet
Wu Jian
Xom
Yredelemnul

Shops:
D:8 *   D:10 (

Annotations:
D:5 1 runed translucent door, Crazy Yiuf
D:6 exclusion: acid dragon
D:8 Erica
D:9 1 transporter, gabibbone's ghost, novice VSSh


Innate Abilities, Weirdness & Mutations

You are a hulking beast.
Your limbs bulge with bestial killing power. (Slay +5)
You have very sharp fingernails.
You are surrounded by a mild repulsion field. (EV +2)
A weak demonic guardian rushes to your aid.
You regenerate health from kills.


Message History

The grasping roots constrict the deep elf pyromancer! x2
The roots release their grip on the deep elf zephyrmancer.
The roots release their grip on the deep elf pyromancer.
The deep elf pyromancer escapes!
The deep elf pyromancer points at you and mumbles some strange words.
The sticky flame hits you.
You are covered in liquid flames!
Uskayaw will force your foes to helplessly watch your dance.
Uskayaw prepares the audience for your solo!
The helpless deep elf pyromancer fails to defend itself.
You mangle the deep elf pyromancer!!
You kill the deep elf pyromancer!
You are covered in liquid flames!
The helpless deep elf zephyrmancer fails to defend itself.
You mangle the deep elf zephyrmancer!!
The deep elf zephyrmancer is severely wounded.
You are covered in liquid flames!
The deep elf zephyrmancer is no longer paralysed.
The deep elf pyromancer is no longer paralysed.
The deep elf zephyrmancer is no longer paralysed.
The deep elf pyromancer is no longer paralysed.
The deep elf zephyrmancer is no longer paralysed.
The deep elf pyromancer is no longer paralysed. x2
The deep elf zephyrmancer gestures at you while chanting.
The bolt of lightning hits you!
The deep elf pyromancer casts a spell.
The deep elf pyromancer blinks!
The deep elf pyromancer mumbles some strange words.
The deep elf pyromancer blinks!
Uskayaw will force your foes to share their pain.
Uskayaw links your audience in an emotional bond!
You mangle the deep elf zephyrmancer!!
You kill the deep elf zephyrmancer!
You kill the deep elf pyromancer!
You kill the deep elf zephyrmancer!
You are covered in liquid flames!
You are no longer on fire.
The fire elemental is no longer paralysed.
A deep elf pyromancer comes into view. It is wielding a +0 long sword.
You can now merge with and destroy a victim.
You closely miss the deep elf pyromancer.
As you read the scroll of teleportation, it crumbles to dust.
You feel strangely unstable.
The deep elf pyromancer mumbles some strange words.
The deep elf pyromancer blinks!
You mangle the deep elf pyromancer!!
The deep elf pyromancer is severely wounded.
The fire elemental hits you. The fire elemental burns you!
The deep elf pyromancer misses you.
You mangle the deep elf pyromancer!!
You kill the deep elf pyromancer!
The fire elemental is no longer sharing its pain.
The fire elemental hits you. The fire elemental burns you!
The deep elf zephyrmancer casts a spell.
The deep elf zephyrmancer blinks!
Aiming: Grand Finale
Press: ? - help, Shift-Dir - straight line, f - deep elf zephyrmancer
Aim: a deep elf zephyrmancer, wielding a +0 short sword and wearing a +0 leather armour The deep elf zephyrmancer explodes violently!!!
You blow up the deep elf zephyrmancer!
You can no longer merge with and destroy a victim.
Your surroundings suddenly seem different.
You start resting.
HP restored.
You start resting.
A deep elf zephyrmancer is nearby!
Aiming: Paralyse
Press: ? - help, Shift-Dir - straight line, f - deep elf zephyrmancer
Aim: a deep elf zephyrmancer, wielding a +0 dagger of draining (lightly wounded, chance to affect: 44%)
The deep elf zephyrmancer resists with some effort.
The deep elf zephyrmancer gestures at you while chanting.
The bolt of lightning misses you.
Aiming: Paralyse
Press: ? - help, Shift-Dir - straight line, f/p - deep elf zephyrmancer
Aim: a deep elf zephyrmancer, wielding a +0 dagger of draining (lightly wounded, chance to affect: 44%)
The deep elf zephyrmancer resists with some effort.
Aiming: Polymorph
Press: ? - help, Shift-Dir - straight line, f/p - deep elf zephyrmancer
Aim: a deep elf zephyrmancer, wielding a +0 dagger of draining (lightly wounded, will become a lindwurm, a polar bear, or a moth of wrath, chance to affect: 44%)
The deep elf zephyrmancer evaporates and reforms as a lindwurm!
The now-empty wand crumbles to dust.
The lindwurm breathes flames at you. The blast of flame hits you!!
You block the lindwurm's attack.
The lindwurm claws you but does no damage.
The lindwurm barely misses you.
You scratch the lindwurm but do no damage.
Your claw misses the lindwurm. The lindwurm bites you!
You block the lindwurm's attack. The lindwurm barely misses you.
You are too injured to fight recklessly!
You are too injured to fight recklessly!
You scratch the lindwurm but do no damage.
You barely miss the lindwurm. The lindwurm breathes flames at you.
The blast of flame hits you!!!
* * * LOW HITPOINT WARNING * * *
A demonic guardian appears!
You scratch the lindwurm.
The lindwurm is lightly wounded.
The lindwurm bites you!
You die...

#............## #............#
.. #...........## #.###
#..........## ####.......#
............# ####...........
#.......##..#####.............#
##...#####.†.##...............#
##### ##..#...............#
#.....h...........###
##...k.5.............
#..)................
.................#####
..................#
.......#........#####
.....#######..### ###...## #..#
####...# ##.##


You could see a lindwurm (catching breath, ally target) and a friendly shadow
imp (summoned).

Vanquished Creatures
  A boulder beetle (D:8)
  3 two-headed ogres
  The ghost of initializr the Gusty, a novice OgAE (D:5)
  3 deep elf zephyrmancers (D:11)
  3 deep elf pyromancers (D:11)
  Joseph (D:7)
  Psyche (D:10)
  Maggie (D:6)
  4 trolls
  A meliai (D:8)
  Prince Ribbit (D:8)
  A shadow (D:9)
  2 wyverns (D:10)
  11 yaks
  A vampire (D:11)
  Grum (D:8)
  6 vampire mosquitoes
  4 steam dragons
  6 water moccasins
  Duvessa (D:7)
  3 sky beasts
  An ice beast (D:8)
  3 centaurs
  2 wolves (D:8)
  3 phantoms
  2 kobold brigands (D:8)
  3 bullfrogs (D:8)
  3 scorpions (D:5)
  2 gnoll sergeants
  4 wights (D:10)
  Dowan (D:7)
  3 howler monkeys
  3 quasits (D:5)
  2 jellies (D:5)
  8 orc priests
  A gnoll bouda (D:9)
  4 hounds
  3 iguanas
  A sleepcap (D:5)
  4 orc wizards
  6 gnolls
  10 adders
  2 shadow imps
  2 white imps (D:6)
  A worm (D:2)
  3 dart slugs
  26 orcs
  8 ball pythons
  4 bats
  7 endoplasms
  4 giant cockroaches
  9 goblins
  7 hobgoblins
  6 jackals
  7 quokkas
  2 frilled lizards
  9 kobolds
  8 rats
230 creatures vanquished.

Vanquished Creatures (collateral kills)
  An ice beast (D:5)
  2 black bears (D:5)
  A phantom (D:3)
  A jelly (D:5)
  A gnoll (D:10)
6 creatures vanquished.

Grand Total: 236 creatures vanquished

Notes
Turn   | Place    | Note
-------+----------+-------------------------------------------
     0 | D:1      | Flugkiller the Demonspawn Shapeshifter began the quest for
                  | the Orb.
     0 | D:1      | Reached XP level 1. HP: 15/15 MP: 1/1
   211 | D:1      | Gained mutation: You regenerate a little health from kills.
                  | [demonic ancestry]
   211 | D:1      | Reached XP level 2. HP: 21/21 MP: 2/2
   403 | D:1      | Reached XP level 3. HP: 22/27 MP: 3/3
   450 | D:1      | Reached skill level 2 in Fighting
   944 | D:2      | Gained mutation: A weak demonic guardian rushes to your
                  | aid. [demonic ancestry]
   944 | D:2      | Reached XP level 4. HP: 22/34 MP: 4/4
  1905 | D:3      | Reached skill level 3 in Fighting
  2121 | D:3      | Found an ornate altar of the Wu Jian Council.
  2321 | D:3      | Found a faded altar of an unknown god.
  2366 | D:4      | Noticed a phantom
  2393 | D:3      | Killed a phantom
  2394 | D:3      | Gained mutation: You regenerate health from kills. [demonic
                  | ancestry]
  2394 | D:3      | Reached XP level 5. HP: 12/41 MP: 5/5
  2514 | D:4      | Noticed a phantom
  2539 | D:4      | Killed a phantom
  2540 | D:4      | Reached skill level 4 in Fighting
  2831 | D:4      | Reached XP level 6. HP: 39/48 MP: 6/6
  2885 | D:4      | Found a staircase to the Ecumenical Temple.
  2962 | Temple   | Entered the Ecumenical Temple
  2995 | Temple   | Became a worshipper of Uskayaw the Reveller
  3203 | D:4      | Reached * piety under Uskayaw
  3384 | D:5      | Entered Level 5 of the Dungeon
  3402 | D:5      | Reached ** piety under Uskayaw
  3403 | D:5      | Reached skill level 1 in Invocations
  3482 | D:5      | Found a radiant altar of Vehumet.
  3631 | D:5      | Reached *** piety under Uskayaw
  3634 | D:5      | Reached **** piety under Uskayaw
  3674 | D:5      | Reached XP level 7. HP: 20/55 MP: 7/9
  4018 | D:5      | Reached skill level 5 in Fighting
  4259 | D:5      | Reached skill level 5 in Unarmed Combat
  4656 | D:5      | Found a transporter.
  4662 | D:5      | Noticed initializr's ghost (novice OgAE)
  4679 | D:5      | Found a transporter.
  4836 | D:5      | Gained mutation: You are surrounded by a mild repulsion
                  | field. (EV +2) [demonic ancestry]
  4836 | D:5      | Reached XP level 8. HP: 17/64 MP: 10/10
  5019 | D:5      | Found a stormy altar of Qazlal.
  5148 | D:5      | Found a runed translucent door.
  5149 | D:5      | Noticed Crazy Yiuf
  5262 | D:5      | Reached skill level 6 in Fighting
  5385 | D:5      | Reached ***** piety under Uskayaw
  5390 | D:5      | Killed initializr's ghost
  5391 | D:5      | Reached skill level 7 in Fighting
  5391 | D:5      | Reached skill level 5 in Shapeshifting
  5665 | D:6      | Reached skill level 5 in Dodging
  5686 | D:6      | Noticed Maggie
  5702 | D:6      | Killed Maggie
  5703 | D:6      | Gained mutation: You have sharp fingernails. [demonic
                  | ancestry]
  5703 | D:6      | Reached XP level 9. HP: 42/72 MP: 11/11
  6764 | D:7      | Noticed Duvessa
  6764 | D:7      | Noticed Dowan
  6774 | D:6      | Reached skill level 8 in Fighting
  7159 | D:7      | Noticed Joseph
  7170 | D:7      | Killed Joseph
  7385 | D:7      | Identified the +5 glaive of Bok Agh {freeze, Str+2 Stlth+}
  7482 | D:7      | Killed Duvessa
  7483 | D:7      | Reached skill level 5 in Invocations
  7483 | D:7      | Killed Dowan
  7550 | D:7      | Found a burning altar of Makhleb.
  7552 | D:7      | Noticed a green death
  7556 | D:7      | Noticed a smoke demon
  7556 | D:7      | Noticed a smoke demon
  7885 | D:7      | Reached XP level 10. HP: 35/82 MP: 12/14
  8100 | D:8      | Reached skill level 9 in Fighting
  8111 | D:8      | Reached ****** piety under Uskayaw
  8205 | D:8      | Found Acri's Assorted Antiques.
  8213 | D:8      | Bought a crude copper ring for 145 gold pieces
  8213 | D:8      | Identified the ring "Poareor" {+Blink rC- rCorr MP+9 Int+6}
                  | (You bought it in a shop on level 8 of the Dungeon)
  8213 | D:8      | Bought a fizzy inky potion for 26 gold pieces
  8213 | D:8      | Bought a scroll labelled JAVVOR WEIFA for 29 gold pieces
  8213 | D:8      | Bought a scroll labelled FIBOIX CYPESAO for 29 gold pieces
  8446 | D:8      | Noticed Maurice
  8756 | D:8      | Maurice changed into Maurice the steam dragon
  8756 | D:8      | Noticed Maurice
  8762 | D:8      | Killed Maurice the steam dragon
  8789 | D:8      | Noticed Erica
  8807 | D:8      | Reached skill level 1 in Evocations
  9041 | D:8      | Noticed Prince Ribbit
  9052 | D:8      | Killed Prince Ribbit
  9088 | D:8      | Noticed a boulder beetle
  9127 | D:8      | Killed a boulder beetle
  9128 | D:8      | Reached skill level 5 in Evocations
  9332 | D:8      | Noticed Grum
  9352 | D:8      | Killed Grum
  9455 | D:9      | Gained mutation: You have very sharp fingernails. [demonic
                  | ancestry]
  9455 | D:9      | Reached XP level 11. HP: 82/90 MP: 15/15
  9754 | D:9      | Noticed a two-headed ogre
  9778 | D:9      | Killed a two-headed ogre
  9905 | D:9      | Found a transporter.
  9909 | D:9      | Noticed gabibbone's ghost (novice VSSh)
  9911 | D:9      | Noticed a two-headed ogre
  9911 | D:9      | Noticed a two-headed ogre
  9912 | D:9      | Identified the +5 giant club of the End of Times {venom,
                  | rElec Will- Str-2 Int+5}
  9912 | D:9      | Noticed a two-headed ogre
  9913 | D:9      | Noticed a two-headed ogre
 10180 | D:10     | Entered Level 10 of the Dungeon
 10214 | D:10     | Noticed a two-headed ogre
 10231 | D:10     | Killed a two-headed ogre
 10232 | D:10     | Reached skill level 10 in Fighting
 10237 | D:10     | Found Piuniyf's Weapon Shop.
 10256 | D:10     | Noticed a two-headed ogre
 10454 | D:10     | Killed a two-headed ogre
 10575 | D:10     | Noticed Psyche
 10587 | D:10     | Killed Psyche
 10591 | D:10     | Found a shadowy altar of Dithmenos.
 10663 | D:10     | Found an opulent altar of Gozag.
 10807 | D:10     | Identified the +5 short sword of Etuxofru {flame, Fly rPois
                  | Will- Stlth+}
 11307 | D:11     | Identified the +0 robe "Hujaet" {Int+3 SInv}
 11657 | D:11     | Noticed a deep elf zephyrmancer
 11658 | D:11     | Noticed a deep elf pyromancer
 11658 | D:11     | Noticed a deep elf pyromancer
 11658 | D:11     | Noticed a deep elf zephyrmancer
 11658 | D:11     | Noticed a deep elf zephyrmancer
 11658 | D:11     | Noticed a deep elf pyromancer
 11658 | D:11     | Noticed a deep elf zephyrmancer
 11658 | D:11     | Noticed a deep elf pyromancer
 11658 | D:11     | Noticed a deep elf pyromancer
 11662 | D:11     | Killed a deep elf pyromancer
 11664 | D:11     | Killed a deep elf zephyrmancer
 11664 | D:11     | Killed a deep elf pyromancer
 11664 | D:11     | Killed a deep elf zephyrmancer
 11664 | D:11     | Noticed a deep elf pyromancer
 11668 | D:11     | Killed a deep elf pyromancer
 11669 | D:11     | Killed a deep elf zephyrmancer
 11698 | D:11     | a deep elf zephyrmancer changed into a lindwurm
 11698 | D:11     | Noticed a lindwurm
 11704 | D:11     | Slain by a lindwurm

Illustrated notes

Levels and vault maps discovered:
D:1:      spicycebolla_arrival_xxxplode, layout_loops_cross, minmay_unequal
D:2:      layout_basic
D:3:      layout_basic, pdpol_wu_jian_five_deadly_venoms,
          dreamdust_ecumenical_altar_grove, kennysheep_big_empty_room
D:4:      layout_gridville, minmay_temple_entry_fiery
D:5:      layout_rooms, lemuel_coloured_pillars_altar, nicolae_vehumet_radiance,
          gammafunk_ghost_stat_death, grunt_ministairs_4, st_stairs_13,
          minmay_circle_x, uniq_crazy_yiuf_cottage
D:6:      layout_loops_ring, uniq_maggie
D:7:      layout_gridville, makhleb_altar_promises_db,
          minmay_misc_feat_more_columns, uniq_duvessa, uniq_joseph
D:8:      layout_basic, mainiacjoe_overflow_cross_hatched, serial_shops, shop,
          minmay_pinched_square, uniq_grum, uniq_erica, uniq_maurice,
          uniq_prince_ribbit1
D:9:      layout_irregular_city, gammafunk_ghost_smash
D:10:     layout_long_grid, nicolae_gozag_cash_rules_everything_around_me,
          nicolae_dithmenos_shadow_blocks, serial_shops,
          nicolae_shop_real_fake_doors, kennysheep_generic_room_10, uniq_psyche
D:11:     layout_cave_pods, david_lair_generic, elves_outpost_lemuel
Temple:   regret_index_temple_generic_petals

Skill      XL: |  1  2  3  4  5  6  7  8  9 10 11 |
---------------+----------------------------------+-----
Unarmed Combat | 3 4 5 6 7 9 |  9.6
Fighting       | 2 3 4 5 7 8 9 10 | 10.0
Shapeshifting  | 3 5 6 7 |  7.9
Dodging        | 2 3 5 |  5.0
Invocations    | 2 3 5 6 8 |  8.7
Evocations     | 5 |  5.0

Action                     |  1- 3 |  4- 6 |  7- 9 | 10-12 || total
---------------------------+-------+-------+-------+-------++-------
  Melee: Unarmed           |   121 |    20 |   220 |   300 ||   661
         Punch             |     4 |    10 |    16 |    20 ||    50
         Dagger            |       |   169 |   105 |       ||   274
 Invoke: Grand Finale      |       |       |       |     1 ||     1
  Evoke: Wand              |       |       |     2 |    22 ||    24
    Use: Scroll            |       |     1 |    12 |     7 ||    20
         Potion            |       |       |     4 |     3 ||     7
   Stab: Sleeping          |     4 |     2 |     2 |       ||     8
         Distracted        |       |     1 |     1 |       ||     2
         Paralysed         |       |     2 |    16 |    25 ||    43
 Armour: Animal skin       |    11 |     1 |       |       ||    12
         Leather armour    |       |    27 |    25 |       ||    52
         Skin              |       |       |    49 |    22 ||    71
         Steam dragon scal |       |       |    17 |    25 ||    42
  Dodge: Dodged            |    73 |    79 |   196 |   173 ||   521
  Block: Other             |       |    33 |    76 |    65 ||   174
         Reflection        |       |       |     4 |       ||     4

Table legend: (Time is in decaauts)
 A = Elapsed time spent in this place.
 B = Non-inter-level travel time spent in this place.
 C = Inter-level travel time spent in this place.
 D = Time resting spent in this place.
 E = Time spent auto-exploring this place.
 F = Levels seen in this place.
 G = Mean time per level.
                   A        B        C        D        E       F      G
               +--------+--------+--------+--------+--------+-----+--------+
         Total |  11638 |  10993 |    645 |   2702 |   5914 |  12 |  969.8 |
       Dungeon |  11573 |  10992 |    581 |   2702 |   5914 |  11 | 1052.1 |
        Temple |     65 |      2 |     63 |      0 |      0 |   1 |   65.0 |
               +--------+--------+--------+--------+--------+-----+--------+

Top non-repeatable levels by time:
     D:5: 1614 daAuts
     D:4: 1415 daAuts
     D:8: 1386 daAuts
     D:6: 1245 daAuts
     D:7: 1176 daAuts
     D:3: 1030 daAuts
    D:10: 974 daAuts
     D:9: 877 daAuts
     D:1: 781 daAuts
     D:2: 681 daAuts
    D:11: 389 daAuts
  Temple: 65 daAuts
